 Dungeon Crawl Stone Soup version 0.27.0-1-g7a089689b8 (console) character file.

Game seed: 9140826462511965966

1 FIQ the Sneak (level 1, -1/20 HPs)
             Began as a Hill Orc Delver on Aug 8, 2021.
             Slain by an adder (2 damage)
             ... on level 4 of the Dungeon.
             The game lasted 00:00:22 (79 turns).

FIQ the Sneak (Hill Orc Delver)                       Turns: 79, Time: 00:00:22

Health: -1/20      AC:  3    Str: 14    XL:     1   Next: 20%
Magic:  1/1        EV: 11    Int: 10    God:
Gold:   29         SH:  0    Dex: 12    Spells: 0/0 levels left

rFire    . . .     SeeInvis .   a - +0 hand axe
rCold    . . .     Faith    .   (no shield)
rNeg     . . .     Spirit   .   b - +0 leather armour
rPois    .         Reflect  .   (no helmet)
rElec    .         Harm     .   (no cloak)
rCorr    .         Rampage  .   (no gloves)
Will     .....                  (no boots)
Stlth    ++........             (no amulet)
HPRegen  0.06/turn              (no ring)
MPRegen  0.07/turn              (no ring)

@: no status effects
A: no striking features
a: no special abilities


You were on level 4 of the Dungeon.
You visited 1 branch of the dungeon, and saw 2 of its levels.

You collected 29 gold pieces.

Inventory:

Hand Weapons
 a - a +0 hand axe (weapon)
Armour
 b - a +0 leather armour (worn)
Wands
 g - a wand of digging (3)
Scrolls
 c - a scroll of fog
 d - a scroll of magic mapping
 e - a scroll of fear
 j - a scroll of brand weapon {unknown}
Potions
 f - a potion of haste
 h - a potion of flight {unknown}
 i - a potion of heal wounds {unknown}


   Skills:
 * Level 3.6 Fighting
 + Level 2.7 Axes
 + Level 0.0 Armour
 + Level 1.5 Dodging
 - Level 4.1 Stealth


You couldn't memorise any spells.
You didn't know any spells.
Your spell library was empty.

Dungeon Overview and Level Annotations

Branches:
Dungeon (5/15)
 Temple: D:4-7

Altars:


Message History

There is a stone staircase leading up here.
You climb upwards.
Found 24 gold pieces and a scroll labelled PAYCZUDGHUI.
There is a stone staircase leading down here.
An adder comes into view.
Found a scroll labelled ITOLAI ISORCH.
You see here a scroll labelled PAYCZUDGHUI.
Found 23 sling bullets.
You see here a scroll labelled PAYCZUDGHUI.
j - a scroll labelled PAYCZUDGHUI The adder hisses angrily.
The adder bites you.
You are poisoned.
The adder poisons you!
You see here 11 gold pieces.
You now have 16 gold pieces (gained 11).
You feel sick. The adder bites you.
You feel sick.
You see here 13 gold pieces.
You now have 29 gold pieces (gained 13).
You feel sick. The adder closely misses you.
The adder bites you but does no damage.
You barely miss the adder.
You feel sick. The adder bites you but does no damage.
You closely miss the adder.
You feel sick. The adder bites you.
* * * LOW HITPOINT WARNING * * *
The adder bites you.
* * * LOW HITPOINT WARNING * * *
You miss the adder.
You feel sick.
You are no longer poisoned.
The adder closely misses you.
You closely miss the adder. The adder bites you but does no damage.
The adder closely misses you.
You hit the adder.
The adder is lightly wounded.
The adder bites you but does no damage.
You closely miss the adder.
The adder is lightly wounded.
The adder bites you.
* * * LOW HITPOINT WARNING * * *
The adder bites you.
You die...

.≈≈≈≈≈...P.
≈≈≈≈≈≈≈...# #.#
≈≈≈≈≈≈≈≈≈.# #.#
≈≈≈≈≈≈≈≈≈.## #.#
≈≈≈≈≈≈≈≈P..# #.#
≈≈≈≈≈≈.....# #.#
.(♣≈≈.P....###.#
P.PP?..S.....#.#
#.###..@......>#
#......##.##.###
#####.. #.##.#
#.. #.##.# #..
#..#.# #..
##.#.# #.. ...#
#.. ...


You could see an adder.

Vanquished Creatures
  A jackal (D:5)
1 creature vanquished.

Notes
Turn   | Place    | Note
-------+----------+-------------------------------------------
     0 | D:5      | FIQ the Hill Orc Delver began the quest for the Orb.
     0 | D:5      | Reached XP level 1. HP: 19/19 MP: 1/1
    79 | D:4      | HP: 1/20 [adder (2)]
    79 | D:4      | Slain by an adder

Illustrated notes

Levels and vault maps discovered:
D:4:      layout_loops_ring, mainiacjoe_overflow_surrounded_room, serial_glass,
          glass_columns_a, glass_columns_a, glass_columns_a, glass_columns_a,
          glass_columns_a, glass_columns_a, glass_columns_a, glass_columns_a,
          guppyfry_early_lair_pool, uniq_crazy_yiuf_cottage
D:5:      layout_rooms, gammafunk_ghost_nasty_kobolds

Action                   || total
-------------------------++-------
Melee: Hand axe          ||     9
Armor: Leather armour    ||     4
Dodge: Dodged            ||     6
